 Dungeon Crawl Stone Soup version 0.18-a0-1-gfac8111 (webtiles) character file.

352 tp1 the Magician (level 6, -3/32 HPs)
             Began as a Deep Elf Wizard on Oct 30, 2015.
             Killed by divine providence
             ... invoked by an orc priest
              (12 damage)
             ... on level 3 of the Dungeon.
             The game lasted 00:22:49 (4117 turns).

tp1 the Magician (Deep Elf Wizard)                  Turns: 4117, Time: 00:22:50

Health: -3/32      AC:  5    Str:  4    XL:     6   Next: 35%
Magic:  4/17       EV: 11    Int: 25    God:
Gold:   235        SH:  0    Dex: 13    Spells: 6 memorised, 4 levels left

rFire  + . .     SeeInvis .     m - +0 quarterstaff
rCold  x . .     Clarity  .     u - +2 leather armour {rPois}
rNeg   . . .     SustAt   .     (no shield)
rPois  +         Gourm    .     b - +0 hat
rElec  .         Spirit   .     (no cloak)
rCorr  .         Warding  .     (no gloves)
rMut   .         Stasis   .     (no boots)
MR     .....                    (no amulet)
Stlth  ++........               p - ring of fire
                                n - ring of poison resistance

@: not resistant to hostile enchantments, unstealthy
A: no striking features
a: no special abilities


You were on level 3 of the Dungeon.
You were not hungry.

You visited 1 branch of the dungeon, and saw 3 of its levels.
You also visited: Sewer.

You collected 235 gold pieces.

Inventory:

Hand Weapons
 e - a +1 short sword of speed
 m - a +0 quarterstaff (weapon)
Armour
 a - a +0 robe
 b - a +0 hat (worn)
 u - a +2 leather armour of poison resistance (worn)
 x - a +0 helmet
Jewellery
 n - a ring of poison resistance (left hand)
 p - a ring of fire (right hand)
 q - an uncursed ring of fire
Scrolls
 f - 3 scrolls of fear {unknown}
 i - 2 scrolls of enchant armour {unknown}
 j - a scroll of recharging {unknown}
 k - a scroll of fog {unknown}
 r - 2 scrolls of identify {unknown}
 t - a scroll of teleportation {unknown}
Potions
 h - a potion of haste {unknown}
 l - 3 potions of curing
 o - a potion of lignification
Books
 c - a book of Minor Magic

   Spells                             Type                      Level
   a - Magic Dart                     Conjuration                  1
   b - Blink                          Translocation                2
   c - Call Imp                       Summoning                    2
   d - Repel Missiles                 Charms/Air                   2
   e - Slow                           Hexes                        2
   f - Conjure Flame                  Conjuration/Fire             3
   g - Mephitic Cloud                 Conjuration/Poison/Air       3
 s - a book of Summonings

   Spells                             Type                      Level
   a - Recall                         Summoning/Translocation      3
   b - Aura of Abjuration             Summoning                    5
   c - Shadow Creatures               Summoning                    5
   d - Summon Demon                   Summoning                    5
   e - Summon Forest                  Summoning/Translocation      5
   f - Summon Mana Viper              Hexes/Summoning              5
Comestibles
 d - 2 bread rations
 g - a fruit
 v - a meat ration
 w - 3 chunks of flesh


   Skills:
 - Level 2.4 Dodging
 - Level 2.4 Stealth
 - Level 6.1 Spellcasting
 - Level 2.0 Conjurations
 - Level 1.1 Summonings
 - Level 1.1 Translocations
 + Level 5.7 Fire Magic


You had 4 spell levels left.
You knew the following spells:

 Your Spells              Type           Power        Failure   Level  Hunger
a - Magic Dart            Conj           ###.         8%          1    None
b - Conjure Flame         Conj/Fire      #####...     12%         3    None
c - Mephitic Cloud        Conj/Pois/Air  ##......     34%         3    None
d - Blink                 Tloc           N/A          14%         2    None
e - Call Imp              Summ           ##......     14%         2    None
f - Repel Missiles        Chrm/Air       #.....       21%         2    None


Dungeon Overview and Level Annotations

Branches:
Dungeon (3/15)

Altars:
Nemelex Xobeh
Ru
Sif Muna


Message History

Aiming: Magic Dart
Press: ? - help, Shift-Dir - straight line, f - orc
Aim: an orc, wearing a leather armour (hasn't noticed you)
The magic dart hits the orc.
The orc is severely wounded.
An orc priest comes into view. It is wielding a dagger.
Casting: Magic Dart
Confirm with . or Enter, or press ? or * to list all spells.
Aiming: Magic Dart
Press: ? - help, Shift-Dir - straight line, f/p - orc
Aim: an orc, wearing a leather armour (severely wounded)
The magic dart hits the orc.
The orc is severely wounded.
The orc priest shouts!
The orc priest looks braver for a moment.
The orc hits you.
* * * LOW HITPOINT WARNING * * *
The orc priest calls down the wrath of Beogh upon you.
Something smites you!
You die...

....(.######'###♣♣
##'##.........#.P♣♣
#≈≈≈#...........PP♣♣
#≈≈≈#...........PP.♣ ####
#≈.≈#.........#.♣.♣.♣ #...
#≈≈≈#.........##♣♣♣ ♣ #...
#≈≈≈#.(.......# #...
#####.....o...################...
..........#+##o.@...........)....
.............#.#######..#########
.............#.#.....#...#
##.###.......#.#.###)#.#.###
#.....###...#.#.#<#.).....#
##########...#.#.#.####..#.#
...............#.#.........#
.###....##...###.#.....#...#
######+.###### #.......#...#


You could see an orc priest and an orc.

Vanquished Creatures
  Purgy (Sewer)
  3 orc wizards (D:3)
  Robin (D:3)
  A gnoll (D:2)
  6 adders
  A worm (D:2)
  2 giant geckos
  7 orcs (D:3)
  15 bats
  4 giant cockroaches
  11 hobgoblins
  A quokka (D:3)
  A ball python (D:3)
  4 giant newts
  13 goblins
  15 kobolds
  9 rats
95 creatures vanquished.

Vanquished Creatures (others)
  An orc (D:3)
1 creature vanquished.

Grand Total: 96 creatures vanquished

Notes
Turn   | Place    | Note
--------------------------------------------------------------
     0 | D:1      | tp1 the Deep Elf Wizard began the quest for the Orb.
     0 | D:1      | Reached XP level 1. HP: 10/10 MP: 7/7
   151 | D:1      | Reached skill level 5 in Spellcasting
   233 | D:1      | Reached XP level 2. HP: 12/15 MP: 1/10
  1419 | D:2      | Reached skill level 6 in Spellcasting
  1419 | D:2      | Reached XP level 3. HP: 19/19 MP: 2/12
  1424 | D:2      | Learned a level 3 spell: Conjure Flame
  1428 | D:2      | Learned a level 3 spell: Mephitic Cloud
  1431 | D:2      | Learned a level 2 spell: Blink
  1434 | D:2      | Learned a level 2 spell: Call Imp
  1437 | D:2      | Learned a level 2 spell: Repel Missiles
  1507 | D:2      | Found a deep blue altar of Sif Muna.
  1905 | D:2      | Reached skill level 1 in Fire Magic
  1920 | D:2      | Reached XP level 4. HP: 15/24 MP: 3/14
  2201 | D:2      | Found a sparkling altar of Nemelex Xobeh.
  2608 | D:2      | Found a deep blue altar of Sif Muna.
  2659 | D:2      | Found a sparkling altar of Nemelex Xobeh.
  3010 | D:3      | Found a sacrificial altar of Ru.
  3079 | D:3      | Found a glowing drain.
  3147 | Sewer    | Entered a sewer
  3152 | Sewer    | Reached XP level 5. HP: 23/28 MP: 1/15
  3191 | Sewer    | Noticed Purgy
  3385 | Sewer    | Killed Purgy
  3595 | D:3      | Noticed Robin
  3626 | D:3      | Killed Robin
  3626 | D:3      | Reached skill level 5 in Fire Magic
  3920 | D:3      | Reached XP level 6. HP: 21/32 MP: 6/17
  4117 | D:3      | Killed from afar by an orc priest

Vault maps used:
D:1:      roderic_octagonal_star, minmay_close_crescents
D:2:      marbit_many_paths, lemuel_doored_altar
D:3:      gup_sewer_entry_glass, nicolae_ru_great_annihilating_truth,
          uniq_crazy_yiuf_cottage, uniq_robin
Sewer:    sewer_big_baddie

Action                   |  1- 3 |  4- 6 || total
-------------------------+-------+-------++-------
Melee: Short sword       |     5 |       ||     5
       Quarterstaff      |       |    53 ||    53
 Cast: Magic Dart        |   106 |   104 ||   210
       Conjure Flame     |       |     7 ||     7
       Mephitic Cloud    |       |     1 ||     1
  Use: Potion            |       |     5 ||     5
  Eat: Chunk             |     3 |     6 ||     9
       Fruit             |       |     1 ||     1
